 Dungeon Crawl Stone Soup version 0.27-a0-1308-gc08437e49b (webtiles) character file.

Game seed: 10388546730192288875

188 Wyvernaa the Shield-Bearer (level 5, 0/46 HPs)
             Began as a Minotaur Fighter on June 18, 2021.
             Slain by a gnoll sergeant (8 damage)
             ... on level 3 of the Dungeon.
             The game lasted 00:04:02 (2901 turns).

Wyvernaa the Shield-Bearer (Minotaur Fighter)       Turns: 2901, Time: 00:04:02

Health: 0/46       AC:  7    Str: 20    XL:     5   Next: 39%
Magic:  4/4        EV:  8    Int:  7    God:
Gold:   192        SH: 10    Dex: 11    Spells: 4/4 levels left

rFire    . . .     SeeInvis .   a - +0 flail
rCold    . . .     Faith    .   c - +0 kite shield
rNeg     . . .     Spirit   .   b - +0 scale mail
rPois    .         Reflect  .   (helmet restricted)
rElec    .         Harm     .   (no cloak)
rCorr    .         Rampage  .   (no gloves)
Will     .....                  (no boots)
Stlth    ..........             (no amulet)
HPRegen  0.15/turn              (no ring)
MPRegen  0.09/turn              (no ring)

@: very slightly contaminated, invisible
A: horns 2, retaliatory headbutt, clever 1
a: no special abilities


You were on level 3 of the Dungeon.
You visited 1 branch of the dungeon, and saw 4 of its levels.

You collected 192 gold pieces.

Inventory:

Hand Weapons
 a - a +0 flail (weapon)
Missiles
 h - a throwing net (quivered)
Armour
 b - a +0 scale mail (worn)
 c - a +0 kite shield (worn)
 d - a +0 ring mail of willpower
Potions
 f - 2 potions of haste


   Skills:
 + Level 4.0 Fighting
 * Level 4.4 Maces & Flails
 + Level 4.6 Armour
 + Level 1.1 Dodging
 * Level 5.1 Shields


You had 4 spell levels left.
You didn't know any spells.
Your spell library contained the following spells:

 Spells                   Type           Power      Damage    Failure   Level
 Animate Skeleton         Necr           0%         N/A       99%         1
 Apportation              Tloc           0%         N/A       99%         1
 Corona                   Hex            0%         N/A       99%         1
 Summon Small Mammal      Summ           0%         N/A       99%         1


Dungeon Overview and Level Annotations

Branches:
Dungeon (4/15)
 Temple: D:4-7

Altars:
Cheibriados

Shops:
D:3 (


Innate Abilities, Weirdness & Mutations

You have a pair of horns on your head.
You reflexively headbutt those who attack you in melee.
Your mind is acute. (Int +2)


Message History

You hit the gnoll.
You headbutt the gnoll, but do no damage.
The gnoll is heavily wounded.
You hear a shout! x3
You hit the gnoll sergeant.
The gnoll sergeant is lightly wounded.
The gnoll sergeant hits you with a +1 vorpal spear.
Your scale mail prevents you from hitting the gnoll sergeant.
The gnoll sergeant is lightly wounded.
The gnoll sergeant hits you with a +1 vorpal spear.
You hit the gnoll sergeant.
You headbutt the gnoll sergeant, but do no damage.
The gnoll sergeant is moderately wounded.
The gnoll sergeant hits you with a +1 vorpal spear!
You block the gnoll sergeant's attack.
The gnoll sergeant hits you with a +1 vorpal spear!
* * * LOW HITPOINT WARNING * * *
x2 You climb upwards.
There is a stone staircase leading down here.
You aren't carrying any scrolls.
It was a potion of mutation.
You feel extremely strange.
You feel clever. You block the gnoll sergeant's attack.
It was a potion of invisibility.
You fade into invisibility!
You block the gnoll sergeant's attack.
You are very lightly contaminated with residual magic.
You barely miss the gnoll sergeant.
You headbutt the gnoll sergeant, but do no damage.
The gnoll sergeant is moderately wounded.
You block the gnoll sergeant's attack.
You hit the gnoll sergeant but do no damage.
The gnoll sergeant is moderately wounded.
You block the gnoll sergeant's attack.
You hit the gnoll sergeant. You headbutt the gnoll sergeant!
The gnoll sergeant is severely wounded.
The gnoll sergeant barely misses you. You furiously retaliate!
You headbutt the gnoll sergeant.
The gnoll sergeant hits you with a +1 vorpal spear!
You die...

#.#.##############.# #.#
#.#.#............#.# #.#
#.#.#.##########.#.# #.#
#.#.#.####### ##.#.##########.#
##...........# #...............#
.....#.#####.###...##############
######.# #.#.<.....#...........
#.# #...........##########
#.#######.g@....###
#...<.........### ###########...#
#####


You could see a gnoll sergeant.

Vanquished Creatures
  A gnoll shaman (D:3)
  Terence (D:2)
  4 gnolls
  3 adders
  A worm (D:3)
  2 dart slugs
  5 orcs (D:3)
  8 bats
  4 endoplasms
  4 giant cockroaches
  6 goblins
  2 hobgoblins
  5 ball pythons
  4 frilled lizards
  7 kobolds
  6 rats
63 creatures vanquished.

Notes
Turn   | Place    | Note
-------+----------+-------------------------------------------
     0 | D:1      | Wyvernaa the Minotaur Fighter began the quest for the Orb.
     0 | D:1      | Reached XP level 1. HP: 19/19 MP: 0/0
   150 | D:1      | Reached skill level 4 in Shields
   168 | D:1      | Reached XP level 2. HP: 21/27 MP: 1/1
   773 | D:1      | Reached XP level 3. HP: 29/33 MP: 2/2
  1282 | D:2      | Noticed Terence
  1300 | D:2      | Killed Terence
  1301 | D:2      | Reached XP level 4. HP: 24/40 MP: 3/3
  1881 | D:3      | Reached skill level 5 in Shields
  2182 | D:3      | Reached skill level 1 in Dodging
  2182 | D:3      | Reached XP level 5. HP: 30/46 MP: 4/4
  2564 | D:3      | Found Cahifo's Antique Weapon Shoppe.
  2765 | D:3      | Found a snail-covered altar of Cheibriados.
  2897 | D:3      | Gained mutation: Your mind is acute. (Int +2) [potion of
                  | mutation]
  2901 | D:3      | Slain by a gnoll sergeant

Illustrated notes

Levels and vault maps discovered:
D:1:      matt_arrival_grand_opening, layout_basic
D:2:      layout_basic, minmay_pentomino_z2, uniq_terence
D:3:      layout_loops_ring, kennysheep_slug_shrine, serial_shops,
          nicolae_shop_waterfront
D:4:      layout_basic, minmay_temple_entry_grid, uniq_sigmund

Skill      XL: |  1  2  3  4  5 |
---------------+----------------+-----
Shields        | 4 5 |  5.1
Armour         | 4 |  4.6
Maces & Flails | 3 4 |  4.4
Fighting       | 4 |  4.0
Dodging        | 1 |  1.1

Action                   |  1- 3 |  4- 6 || total
-------------------------+-------+-------++-------
Melee: Flail             |    82 |   100 ||   182
       Headbutt          |    13 |    23 ||    36
  Use: Potion            |     1 |     2 ||     3
       Scroll            |       |     6 ||     6
Armor: Scale mail        |    40 |    41 ||    81
Dodge: Dodged            |    26 |    15 ||    41
Block: Kite shield       |    52 |    38 ||    90

Table legend: (Time is in decaauts)
 A = Elapsed time spent in this place.
 B = Non-inter-level travel time spent in this place.
 C = Inter-level travel time spent in this place.
 D = Time resting spent in this place.
 E = Time spent auto-exploring this place.
 F = Levels seen in this place.
 G = Mean time per level.
                   A        B        C        D        E       F      G
               +--------+--------+--------+--------+--------+-----+--------+
         Total |   2983 |   2951 |     32 |    170 |   2317 |   4 |  745.8 |
       Dungeon |   2983 |   2951 |     32 |    170 |   2317 |   4 |  745.8 |
               +--------+--------+--------+--------+--------+-----+--------+

Top non-repeatable levels by time:
     D:3: 1133 daAuts
     D:1: 1022 daAuts
     D:2: 807 daAuts
     D:4: 19 daAuts
